Map: Cerulean Fall LE

Players

Elazer

  • Race: Zerg Zerg
  • Spawn Location: 1:00

Solar - Winner!

  • Race: Zerg Zerg
  • League: Platinum
  • Spawn Location: 7:00

Event: HomeStory Cup XVIII

VOD

Have the link to the VOD?

Description

Time

  • Played on: Nov. 24, 2018, 12:40 p.m.
  • Length: 5:56

All games in this series

Show
View Real Time Build Order
Export as new Build Order

Elazer Zerg 

Build Orders: Hatch First 

Get SALT Encoding   

  12  0:00  Drone  
  13  0:12  Overlord  
  13  0:16  Drone  
  14  0:30  Drone x2  
  16  0:49  Hatchery  
  15  0:51  Drone  
  15  0:55  Drone  
  17  0:58  Drone  
  18  1:09  Extractor  
  17  1:13  Spawning Pool  
  17  1:16  Drone  
  17  1:19  Drone  
  18  1:28  Drone  
  19  1:38  Drone  
  20  1:49  Drone  
  21  2:00  Queen x2  
  25  2:02  Drone, Overlord  
  26  2:09  Metabolic Boost  
  26  2:11  Drone  
  26  2:12  Zergling x2  
  28  2:21  Drone  
  28  2:22  Drone  
  30  2:32  Drone  
  30  2:34  Drone  
  32  2:39  Hatchery  
  31  2:46  Zergling x2  
  31  2:47  Baneling Nest, Zergling x2  
  32  2:56  Overlord, Zergling x2  
  33  3:04  Drone  
  34  3:06  Drone  
  34  3:07  Drone  
  36  3:15  Drone  
  36  3:16  Drone x3  
  36  3:18  Queen  
  42  3:22  Overlord  
  42  3:28  Zergling x4  
  42  3:30  Baneling  
  44  3:40  Queen  
  47  3:41  Zergling x6  
  47  3:45  Baneling  
  47  3:46  Zergling x2  
  47  3:47  Zergling x4  
  51  3:56  Overlord  
  51  3:57  Drone x4  
  55  4:03  Overlord  
  55  4:08  Evolution Chamber  
  54  4:12  Baneling  
  54  4:16  Drone x6  
  59  4:23  Roach Warren  
  58  4:26  Drone x3  
  61  4:33  Spine Crawler  
  61  4:35  Spine Crawler, Zergling x4  
  61  4:39  Extractor, Zergling x2  
  61  4:40  Zergling x2  
  61  4:44  Overlord  
  62  4:51  Extractor  
  61  4:53  Drone x2  
  61  4:54  Drone  
  61  4:58  Overlord  
  64  5:00  Drone x2  
  64  5:01  Overlord  
  66  5:07  Roach  
  66  5:08  Roach  
  66  5:12  Drone x3  
  73  5:18  Drone x4  
  77  5:23  Roach x2  
  77  5:25  Overlord  
  81  5:29  Roach  
  81  5:35  Roach x2  
Show
View Real Time Build Order
Export as new Build Order

Solar Zerg - Winner!

Build Orders: Hatch First 

Get SALT Encoding   

  12  0:01  Drone  
  13  0:12  Overlord  
  13  0:17  Drone  
  14  0:31  Drone x2  
  16  0:48  Hatchery  
  15  0:51  Drone  
  15  0:55  Drone  
  17  0:58  Drone  
  18  1:06  Extractor  
  17  1:14  Spawning Pool  
  17  1:16  Drone  
  17  1:21  Drone  
  18  1:28  Drone  
  19  1:41  Drone  
  20  1:50  Overlord  
  20  2:00  Queen  
  22  2:01  Drone  
  22  2:02  Queen, Drone  
  26  2:11  Metabolic Boost  
  26  2:13  Zergling x4  
  28  2:21  Drone x2  
  30  2:37  Hatchery  
  30  2:40  Drone  
  30  2:41  Drone  
  30  2:43  Drone  
  32  2:46  Overlord  
  32  3:01  Zergling x4  
  32  3:05  Zergling x4  
  36  3:08  Zergling x6  
  36  3:10  Drone  
  36  3:11  Zergling x4  
  42  3:18  Drone  
  42  3:19  Roach Warren  
  42  3:23  Overlord  
  43  3:27  Drone  
  43  3:28  Drone  
  44  3:38  Overlord  
  44  3:41  Drone  
  44  3:45  Overlord  
  44  3:50  Queen  
  46  4:00  Roach  
  46  4:01  Roach x3  
  54  4:03  Roach  
  54  4:08  Roach x2  
  60  4:10  Roach  
  60  4:13  Roach  
  60  4:16  Overlord  
  62  4:26  Roach x2  
  62  4:30  Overlord  
  65  4:38  Roach  
  67  4:41  Zergling x2  
  67  4:42  Zergling x10  
  67  4:43  Zergling x2  
  74  4:47  Overlord  
  74  4:51  Overlord  
  73  4:57  Zergling x6  
  73  4:59  Zergling x2  
  76  5:07  Zergling x8  
  76  5:13  Zergling x6  
  82  5:19  Overlord  
  82  5:21  Zergling x4  
  83  5:25  Zergling x4  
  81  5:53  Evolution Chamber  
Tags
 
Add a new tag
Caveats
  • Supply blocks, unpowered buildings, or Contaminate may cause inaccurate times.
  • Supply counts are checked every 10 seconds.